 Dungeon Crawl Stone Soup version 0.18.1-50-g88ac8fd (webtiles) character file.

55 go0n the Skirmisher (level 3, -1/24 HPs)
             Began as a Gargoyle Berserker on Sept 25, 2016.
             Was a Believer of Trog.
             Slain by a hobgoblin
             ... wielding a +0 club
              (3 damage)
             ... on level 3 of the Dungeon.
             The game lasted 00:03:30 (1197 turns).

go0n the Skirmisher (Gargoyle Berserker)            Turns: 1197, Time: 00:03:30

Health: -1/24      AC: 11    Str: 26    XL:     3   Next: 93%
Magic:  3/3        EV: 11    Int:  7    God:    Trog [**....]
Gold:   53         SH:  0    Dex:  9    Spells: 0 memorised, 2 levels left

rFire  . . .     SeeInvis .     a - +0 mace
rCold  . . .     Gourm    .     d - +0 ring mail
rNeg   + . .     Faith    .     (no shield)
rPois  ∞         Spirit   .     (no helmet)
rElec  +         Dismiss  .     p - +1 cloak
rCorr  .         Reflect  .     (no gloves)
SustAt .         Harm     +     f - +0 pair of boots
MR     .....                    r - amulet of harm
Stlth  ..........               (no ring)
                                g - ring of wizardry

@: mighty, not resistant to hostile enchantments, extremely unstealthy
A: negative energy resistance 1, electricity resistance, unbreathing,
petrification resistance, rot immunity, AC +3
a: Berserk, Trog's Hand, Burn Spellbooks, Renounce Religion


You were on level 3 of the Dungeon.
You worshipped Trog.
Trog was pleased with you.
You were very hungry.

You visited 1 branch of the dungeon, and saw 3 of its levels.

You collected 53 gold pieces.

Inventory:

Hand Weapons
 a - a +0 mace (weapon)
Armour
 b - a +0 animal skin
 d - a +0 ring mail (worn)
 f - a +0 pair of boots (worn)
 n - a +1 cloak
 p - a +1 cloak (worn)
Jewellery
 g - a ring of wizardry (left hand)
 r - an amulet of harm (around neck)
Scrolls
 i - a scroll of enchant armour {unknown}
 l - 2 scrolls of enchant weapon {unknown}
 m - a scroll of magic mapping {unknown}
Potions
 h - a potion of cure mutation {unknown}
 k - a potion of curing {unknown}
 o - a potion of invisibility {unknown}
 s - a potion of heal wounds {unknown}
Comestibles
 c - 2 bread rations
 j - a slice of pizza
 q - a beef jerky


   Skills:
 + Level 4.0 Fighting
 + Level 3.2 Maces & Flails
 - Level 2.1 Armour
 * Level 2.7 Dodging


You had 2 spell levels left.
You didn't know any spells.

Dungeon Overview and Level Annotations

Branches:
Dungeon (3/15)

Altars:


Innate Abilities, Weirdness & Mutations

You are resistant to torment.
Your stone body is resilient (AC +3).
You are immune to poison.
You resist negative energy.
You are resistant to electric shocks.
You can survive without breathing.
You are immune to petrification.
You are immune to rotting.


Message History

A goblin comes into view.
The goblin moves out of view.
Found a stone staircase leading down.
There is an open door here.
The goblin barely misses you. The goblin barely misses you.
You see here a club.
The gnoll barely misses you. The adder bites you but does no damage.
There is a stone staircase leading down here.
The goblin hits you.
* * * LOW HITPOINT WARNING * * *
The adder bites you.
* * * LOW HITPOINT WARNING * * *
You climb downwards.
A hobgoblin and 2 gnolls come into view.
The gnoll shouts!
The hobgoblin shouts!
There is a stone staircase leading up here.
The adder bites you but does no damage. The adder completely misses you.
The hobgoblin hits you with a club.
You die...

#. . .## #.#
#.#
##.#+####.#
#.##.S.g.....#
#....g@..#
#........#
...........#
###.g......#
#.##.....# #g
#.....# #
#.....#
.######


You could see a gnoll, an adder, a hobgoblin and a goblin.

Vanquished Creatures
  A gnoll (D:1)
  A worm (D:2)
  A dart slug (D:1)
  5 giant geckos (D:1)
  2 giant cockroaches
  3 goblins (D:1)
  4 hobgoblins
  2 ball pythons
  7 bats
  3 kobolds (D:1)
  6 rats
35 creatures vanquished.

Notes
Turn   | Place    | Note
--------------------------------------------------------------
     0 | D:1      | go0n the Gargoyle Berserker began the quest for the Orb.
     0 | D:1      | Reached XP level 1. HP: 14/14 MP: 1/1
   203 | D:1      | Reached XP level 2. HP: 16/19 MP: 2/2
   293 | D:1      | Reached XP level 3. HP: 21/24 MP: 3/3
   553 | D:1      | Reached ** piety under Trog
   563 | D:1      | Reached skill level 4 in Fighting
  1197 | D:3      | Slain by a hobgoblin

Skill      XL: |  1  2  3 |
---------------+----------+-----
Dodging        | 2 |  2.7
Fighting       | 4 |  4.0
Maces & Flails | |  3.2
Armour         | |  2.1

Action                   || total
-------------------------++-------
Melee: Mace              ||   115
  Use: Potion            ||     1
Armor: Animal skin       ||    16
       Ring mail         ||    45
Dodge: Dodged            ||   124
